 Dungeon Crawl Stone Soup version 0.28-a0-1174-g766a6a42ef (webtiles) character file.

Game seed: 14479384736119141707

426 Gwenloh the Conjurer (level 6, -5/32 HPs)
             Began as a Deep Elf Conjurer on Dec 16, 2021.
             Slain by a wyvern zombie (11 damage)
             ... on level 5 of the Dungeon.
             The game lasted 00:07:53 (3668 turns).

Gwenloh the Conjurer (Deep Elf Conjurer)            Turns: 3668, Time: 00:07:54

Health: -5/32      AC:  3    Str:  4    XL:     6   Next: 64%
Magic:  6/15       EV: 13    Int: 25    God:
Gold:   240        SH:  0    Dex: 13    Spells: 5/15 levels left

rFire   + . .      SeeInvis .   b - +0 dagger
rCold   . . .      Faith    .   (no shield)
rNeg    . . .      Spirit   .   a - +0 robe
rPois   .          Reflect  .   (no helmet)
rElec   .          Harm     .   (no cloak)
rCorr   +          Rampage  .   t - +0 pair of gloves
Will    .....                   (no boots)
Stlth   +++.......              (no amulet)
HPRegen 0.10/turn               n - ring of resist corrosion
MPRegen 0.14/turn               p - ring of protection from fire

@: no status effects
A: no striking features
a: no special abilities


You were on level 5 of the Dungeon.
You visited 1 branch of the dungeon, and saw 5 of its levels.

You collected 240 gold pieces.

Inventory:

Hand Weapons
 b - a +0 dagger (weapon)
Missiles
 l - a throwing net
Armour
 a - a +0 robe (worn)
 t - a +0 pair of gloves (worn)
Jewellery
 n - a ring of resist corrosion (left hand)
 p - a ring of protection from fire (right hand)
Wands
 r - a wand of mindburst (14)
 v - a wand of iceblast (14)
Scrolls
 c - a scroll of summoning {unknown}
 d - 2 scrolls of enchant armour {unknown}
 e - 4 scrolls of identify {unknown}
 j - a scroll of vulnerability {unknown}
 m - a scroll of teleportation {unknown}
 s - a scroll of brand weapon {unknown}
 u - a scroll of fog {unknown}
Potions
 f - a potion of magic {unknown}
 g - 2 potions of ambrosia {unknown}
 h - a potion of lignification {unknown}
 i - 3 potions of heal wounds {unknown}
 k - 3 potions of curing {unknown}
 o - a potion of haste {unknown}
 q - a potion of invisibility {unknown}
 w - a potion of degeneration {unknown}


   Skills:
 + Level 4.3 Dodging
 + Level 4.5 Stealth
 + Level 5.0 Spellcasting
 * Level 6.5 Conjurations
 + Level 0.2 Translocations


You had 5 spell levels left.
You knew the following spells:

 Your Spells              Type           Power      Damage    Failure   Level
a - Magic Dart            Conj           100%       1d8       1%          1
b - Searing Ray           Conj           78%        2d7       1%          2
c - Dazzling Flash        Conj/Hex       44%        N/A       6%          3
d - Iskenderun's Mystic   Conj/Tloc      23%        2d6       21%         4

Your spell library contained the following spells:

 Spells                   Type           Power      Damage    Failure   Level
 Passwall                 Tmut/Erth      5%         N/A       12%         2
 Fulminant Prism          Conj/Hex       11%        3d9       22%         4
 Call Canine Familiar     Summ           6%         N/A       24%         3
 Portal Projectile        Hex/Tloc       14%        N/A       24%         3
 Swiftness                Air            6%         N/A       24%         3
 Leda's Liquefaction      Hex/Erth       3%         N/A       63%         4
 Petrify                  Tmut/Erth      6%         N/A       63%         4
 Metabolic Englaciation   Hex/Ice        3%         N/A       92%         5
 Statue Form              Tmut/Erth      4%         N/A       100%        6


Dungeon Overview and Level Annotations

Branches:
Dungeon (5/15)
 Temple: D:4-7

Altars:

Annotations:
D:4 2 runed translucent doors, Athor's ghost, amateur FoAK


Message History

The magic dart hits the wyvern zombie.
The wyvern zombie is lightly damaged.
The magic dart hits the wyvern zombie.
The wyvern zombie is lightly damaged.
Casting: Magic Dart (safe; 1% risk of failure)
Confirm with . or Enter, or press ? or * to list all spells.
You can't see any susceptible monsters within range! (Use Z to cast anyway.)
Casting: Magic Dart (safe; 1% risk of failure)
Confirm with . or Enter, or press ? or * to list all spells.
Aiming: Searing Ray (safe; 1% risk of failure)
Press: ? - help, Shift-Dir - straight line, f/p - wyvern zombie
Aim: a wyvern zombie (lightly damaged, 93% to hit)
The searing ray hits the wyvern zombie!
The wyvern zombie is moderately damaged. (Press . to maintain the ray.)
The searing ray hits the wyvern zombie.
The wyvern zombie is moderately damaged.
The searing ray hits the wyvern zombie!
The wyvern zombie is heavily damaged.
The wyvern zombie closely misses you.
The searing ray hits the wyvern zombie.
The wyvern zombie is heavily damaged.
You finish channelling your searing ray.
The wyvern zombie barely misses you. The wyvern zombie misses you.
The wyvern zombie bites you!
Casting: Searing Ray (safe; 1% risk of failure)
Confirm with . or Enter, or press ? or * to list all spells.
Aiming: Searing Ray (safe; 1% risk of failure)
Press: ? - help, Shift-Dir - straight line, f/p - wyvern zombie
Aim: a wyvern zombie (heavily damaged, 93% to hit)
The searing ray hits the wyvern zombie.
The wyvern zombie is severely damaged. (Press . to maintain the ray.)
The wyvern zombie bites you!
The searing ray hits the wyvern zombie.
The wyvern zombie is severely damaged.
The wyvern zombie bites you!
* * * LOW HITPOINT WARNING * * *
The wyvern zombie bites you!
You die...

........... ... ##.....#.##
#). ..>......####..
#.............. .
#.......#.###..### # #.#
##...............##.#.#
###...#...(...#...##.###
##.)...<........Z.......
##.#..#.......#.@.##.## .#
##.#..##...#..##.###.# ...#
##รท#..###.##..##..##.###...#
..............###..........#
...######.##.## ####.###.#.#
#### #......#######.###.#.#
#.#.........<..##....#
#######.####.#####.........#
........# #.##########...##


You could see a wyvern zombie.

Vanquished Creatures
  An orc warrior (D:4)
  A phantom (D:4)
  A water moccasin skeleton (D:4)
  Natasha (thrice) (D:4)
  An orc wizard (D:4)
  A hound zombie (D:5)
  5 adders
  A dart slug (D:1)
  3 orcs
  5 ball pythons
  4 bats
  2 endoplasms (D:4)
  4 giant cockroaches
  2 goblins
  5 hobgoblins
  4 quokkas
  5 kobolds
  3 rats
51 creatures vanquished.

Notes
Turn   | Place    | Note
-------+----------+-------------------------------------------
     0 | D:1      | Gwenloh the Deep Elf Conjurer began the quest for the Orb.
     0 | D:1      | Reached XP level 1. HP: 10/10 MP: 6/6
   118 | D:1      | Reached XP level 2. HP: 9/15 MP: 0/8
   233 | D:1      | Learned a level 2 spell: Searing Ray
   478 | D:1      | Found a faded altar of an unknown god.
  1606 | D:3      | Reached XP level 3. HP: 19/19 MP: 6/9
  1610 | D:3      | Learned a level 3 spell: Dazzling Flash
  1957 | D:3      | Reached skill level 5 in Conjurations
  2190 | D:4      | Found a runed translucent door.
  2193 | D:4      | Noticed Athor's ghost (amateur FoAK)
  2220 | D:4      | Noticed Natasha
  2224 | D:4      | Killed Natasha
  2225 | D:4      | Reached XP level 4. HP: 16/24 MP: 6/11
  2229 | D:4      | Noticed Natasha
  2251 | D:4      | Killed Natasha
  2498 | D:4      | Found a runed translucent door.
  2557 | D:4      | Noticed Natasha
  2562 | D:4      | Killed Natasha
  2664 | D:4      | Noticed an orc warrior
  2753 | D:4      | Reached XP level 5. HP: 28/28 MP: 8/13
  2871 | D:4      | Noticed a phantom
  2877 | D:4      | Killed a phantom
  2950 | D:4      | Reached skill level 6 in Conjurations
  3113 | D:4      | Reached XP level 6. HP: 32/32 MP: 9/15
  3118 | D:4      | Killed an orc warrior
  3273 | D:4      | Reached skill level 5 in Spellcasting
  3404 | D:4      | Learned a level 4 spell: Iskenderun's Mystic Blast
  3405 | D:5      | Entered Level 5 of the Dungeon
  3668 | D:5      | Slain by a wyvern zombie

Illustrated notes

Levels and vault maps discovered:
D:1:      lightli_arrival_boilingwater, layout_basic,
          ebering_ecumenical_altar_box
D:2:      layout_loops_corners
D:3:      layout_loops_ring
D:4:      layout_basic, ebering_ghost_sewer_f, uniq_natasha
D:5:      layout_loops_ring, mainiacjoe_overflow_alcove_1,
          minmay_temple_entry_mini_moons, uniq_duvessa

Skill      XL: |  1  2  3  4  5  6 |
---------------+-------------------+-----
Stealth        | 3 4 |  4.5
Dodging        | 3 4 |  4.3
Conjurations   | 5 6 |  6.5
Spellcasting   | 4 5 |  5.0
Translocations | |  0.2

Action                   |  1- 3 |  4- 6 || total
-------------------------+-------+-------++-------
Melee: Dagger            |     2 |       ||     2
 Cast: Magic Dart        |    47 |    45 ||    92
       Searing Ray       |     3 |    10 ||    13
Evoke: Wand              |       |     3 ||     3
Dodge: Dodged            |     4 |    10 ||    14

Table legend: (Time is in decaauts)
 A = Elapsed time spent in this place.
 B = Non-inter-level travel time spent in this place.
 C = Inter-level travel time spent in this place.
 D = Time resting spent in this place.
 E = Time spent auto-exploring this place.
 F = Levels seen in this place.
 G = Mean time per level.
                   A        B        C        D        E       F      G
               +--------+--------+--------+--------+--------+-----+--------+
         Total |   3695 |   3600 |     95 |    195 |   3024 |   5 |  739.0 |
       Dungeon |   3695 |   3600 |     95 |    195 |   3024 |   5 |  739.0 |
               +--------+--------+--------+--------+--------+-----+--------+

Top non-repeatable levels by time:
     D:4: 1256 daAuts
     D:3: 782 daAuts
     D:2: 768 daAuts
     D:1: 625 daAuts
     D:5: 262 daAuts
